 Dungeon Crawl Stone Soup version 0.21.1-1-g345015f (webtiles) character file.

180 letownia2 the Poker (level 5, -3/38 HPs)
             Began as a Merfolk Skald on Mar 12, 2018.
             Slain by an ogre
             ... wielding a +0 giant club
              (25 damage)
             ... on level 4 of the Dungeon.
             The game lasted 00:09:07 (1218 turns).

letownia2 the Poker (Merfolk Skald)                 Turns: 1218, Time: 00:09:09

Health: -3/38      AC:  3    Str: 11    XL:     5   Next: 60%
Magic:  5/8        EV: 12    Int: 13    God:
Gold:   47         SH:  0    Dex: 14    Spells: 0/8 levels left

rFire    . . .     SeeInvis .   a - +0 short sword (drain)
rCold    . . .     Gourm    .   (no shield)
rNeg     . . .     Faith    .   e - +0 leather armour
rPois    .         Spirit   .   (no helmet)
rElec    .         Reflect  .   (no cloak)
rCorr    .         Harm     .   (no gloves)
MR       .....                  (no boots)
Stlth    +.........             (no amulet)
HPRegen  0.12/turn              (no ring)
MPRegen  0.11/turn              (no ring)

@: very slightly contaminated
A: change form in water, swift swim, stealthy swim
a: no special abilities


You were on level 4 of the Dungeon.
You were hungry.

You visited 1 branch of the dungeon, and saw 4 of its levels.

You collected 47 gold pieces.

Inventory:

Hand Weapons
 a - a +0 short sword of draining (weapon)
 b - a +0 spear
 l - a +0 dagger
 q - a cursed -3 hunting sling
 t - a +0 trident
Missiles
 p - 47 sling bullets
Armour
 e - a +0 leather armour (worn)
 g - a +0 ring mail
 r - a +0 ring mail
Scrolls
 f - a scroll of noise {unknown}
 i - a scroll of fear {unknown}
 j - 2 scrolls of identify {unknown}
 m - a scroll of remove curse {unknown}
 n - a scroll of teleportation {unknown}
 o - 2 scrolls of magic mapping {unknown}
 s - a scroll of random uselessness {unknown}
Potions
 h - a potion of magic {unknown}
 k - 2 potions of heal wounds
Books
 c - a book of Battle

   Spells                             Type                      Level
   a - Infusion                       Charms                       1
   b - Shroud of Golubria             Charms/Translocation         2
   c - Song of Slaying                Charms                       2
   d - Spectral Weapon                Hexes/Charms                 3
   e - Regeneration                   Charms/Necromancy            3
Comestibles
 d - 6 rations


   Skills:
 - Level 2.1 Fighting
 + Level 5.5 Polearms
 - Level 0.6 Armour
 - Level 2.6 Dodging
 + Level 2.2 Spellcasting
 - Level 1.0 Hexes
 - Level 5.0 Charms
 - Level 1.0 Translocations


You couldn't memorise any spells.
You knew the following spells:

 Your Spells              Type           Power        Failure   Level  Hunger
a - Infusion              Chrm           ##..         4%          1    ##.....
l - Song of Slaying       Chrm           ##......     6%          2    ###....
t - Shroud of Golubria    Chrm/Tloc      #.........   14%         2    ###....
x - Spectral Weapon       Hex/Chrm       #.......     28%         3    ####...


Dungeon Overview and Level Annotations

Branches:
Dungeon (4/15)
 Temple: D:4-7

Altars:
Xom

Portals:
Sewer: D:4

Annotations:
D:3 Natasha, Terence


Message History

Casting: Spectral Weapon
Confirm with . or Enter, or press ? or * to list all spells.
You miscast Shroud of Golubria.
You are very lightly contaminated with residual magic.
You spin around.
You climb downwards.
Level annotation: Natasha, Terence
There is a stone staircase leading up here.
Unknown command.
Casting: Shroud of Golubria
Confirm with . or Enter, or press ? or * to list all spells.
Space distorts slightly along a thin shroud covering your body.
There is a stone staircase leading down here.
You climb downwards.
You hear the sound of rushing water.
There is an entrance to a sewer on this level.
Hurry and find it before the portal rusts away!
You hear the rapid rusting of a drain nearby.
The ogre hits you with a giant club!!
Ouch! That really hurt!
You die...

.........#..######
#######.......#
####..#.# #..#.# #
#..# # #. #..# #.
######..# #.###
#...##..#
#####...#####.#O@...#
#...............###.#
.#####.####.#.## #.#
#.# #.#.# #.. #.#
#.#.# ###. #.# #.#.#
.# ##.# #.#.# # #..#
#.#.# #.##
#.#.######.
#...ā‰ˆgā‰ˆā‰ˆā‰ˆ.


You could see an ogre.

Vanquished Creatures
  An orc wizard (D:3)
  Natasha (twice) (D:3)
  3 adders
  A worm (D:4)
  5 dart slugs
  3 leopard geckos
  5 orcs
  3 ball pythons
  2 giant cockroaches
  5 goblins
  4 hobgoblins
  3 jackals (D:2)
  9 kobolds
  7 bats
  A frilled lizard (D:2)
  2 rats (D:1)
56 creatures vanquished.

Notes
Turn   | Place    | Note
-------+----------+-------------------------------------------
     0 | D:1      | letownia2 the Merfolk Skald began the quest for the Orb.
     0 | D:1      | Reached XP level 1. HP: 16/16 MP: 3/3
    32 | D:1      | Reached XP level 2. HP: 13/22 MP: 0/5
   186 | D:2      | Learned a level 2 spell: Shroud of Golubria
   217 | D:2      | Reached XP level 3. HP: 11/27 MP: 3/6
   295 | D:2      | Reached skill level 1 in Translocations
   354 | D:3      | Noticed Natasha
   365 | D:3      | Killed Natasha
   365 | D:3      | Reached XP level 4. HP: 8/33 MP: 0/7
   401 | D:3      | Learned a level 2 spell: Song of Slaying
   590 | D:3      | Noticed Natasha
   618 | D:3      | Killed Natasha
   619 | D:3      | Reached skill level 5 in Charms
   623 | D:3      | Found a faded altar of an unknown god.
   624 | D:3      | Noticed an orc warrior
   627 | D:3      | Noticed Terence
   629 | D:3      | Noticed Natasha
   737 | D:4      | Reached XP level 5. HP: 7/38 MP: 0/8
   847 | D:4      | Found a shimmering altar of Xom.
   878 | D:4      | Reached skill level 5 in Polearms
   907 | D:4      | Found a glowing drain.
   915 | D:4      | Learned a level 3 spell: Spectral Weapon
   982 | D:4      | Noticed an ogre
  1152 | D:3      | Reached skill level 1 in Hexes
  1218 | D:4      | Slain by an ogre

Skill      XL: |  1  2  3  4  5 |
---------------+----------------+-----
Polearms       | 4 5 |  5.5
Translocations | 1 |  1.0
Charms         | 4 5 |  5.0
Hexes          | 1 |  1.0
Fighting       | |  2.1
Armour         | |  0.6
Dodging        | |  2.6
Spellcasting   | |  2.2

Action                   |  1- 3 |  4- 6 || total
-------------------------+-------+-------++-------
Melee: Spear             |    22 |    35 ||    57
       Short sword       |    60 |    97 ||   157
 Cast: Infusion          |     3 |     1 ||     4
       Shroud of Golubri |     6 |    23 ||    29
       Spectral Weapon   |       |     1 ||     1
  Use: Potion            |       |     2 ||     2
 Stab: Sleeping          |       |     1 ||     1
  Eat: Chunk             |       |     4 ||     4
Armor: Leather armour    |    24 |    43 ||    67
Dodge: Dodged            |    55 |   127 ||   182
